[Event "Titled Tuesday Blitz February 28 Late 2023"]
[White "Ponce Cano, Adrian"]
[Black "Beerdsen, Thomas"]
[WhiteFideId "22296913"]
[BlackFideId "1030108"]
[WhiteElo "2211"]
[BlackElo "2547"]
[Result "1-0"]
[Round "01"]
[TimeControl "180+2"]
[Date "2023.02.28"]
[WhiteClock "0:00:16"]
[BlackClock "0:00:02"]

1. e4 c5 2. Nf3 Nc6 3. c3 e5 4. Bc4 d6 5. h3 Be7 6. O-O Nf6 7. Re1 h6 8. d4 g5 9. dxe5 dxe5 10. Qb3 Na5 11. Bb5+ Kf8 12. Qc2 a6 13. Bf1 Nc6 14. Be3 g4 15. hxg4 Bxg4 16. Nbd2 Qc7 17. Nh2 Be6 18. Rad1 b5 19. a3 Kg7 20. Ndf3 Rag8 21. Nh4 Kh7 22. Nf5 Bxf5 23. exf5 e4 24. g3 Bd6 25. Bg2 h5 26. Qd2 Be5 27. Bxc5 h4 28. Bd6 Qb6 29. Bxe5 Nxe5 30. Qd6 Qxd6 31. Rxd6 hxg3 32. fxg3 Kg7 33. Nf1 Rd8 34. Rxd8 Rxd8 35. Bxe4 Nc4 36. Bb7 Rd6 37. b3 Nxa3 38. Ra1 Nc2 39. Ra2 Ne1 40. Rxa6 Rd1 41. Kf2 Rc1 42. Ne3 Rxc3 43. Rxf6 Nd3+ 44. Ke2 Nc1+ 45. Kd2 Rxe3 46. Rxf7+ Kxf7 47. Kxe3 Kf6 48. g4 Nxb3 49. Kf4 Nc5 50. g5+ Kg7 51. f6+ Kg6 52. Be4+ Kf7 53. Kf5 Kf8 54. g6 Nd7 55. g7+ 1-0


[Site "https://www.chess.com"]

[Event "Titled Tuesday Blitz February 28 Late 2023"]
[White "Rozman, Levy"]
[Black "Mujumdar, Sameer"]
[WhiteFideId "2039877"]
[BlackFideId "2029707"]
[WhiteElo "2376"]
[BlackElo "2104"]
[Result "0-1"]
[Round "01"]
[TimeControl "180+2"]
[Date "2023.02.28"]
[WhiteClock "0:00:08"]
[BlackClock "0:00:10"]

1. e4 c5 2. Nc3 a6 3. d4 cxd4 4. Qxd4 e6 5. b3 Nc6 6. Qd2 Nf6 7. Bb2 Bb4 8. f3 d5 9. a3 Ba5 10. b4 Bc7 11. Bd3 Ne5 12. O-O-O O-O 13. Kb1 a5 14. b5 a4 15. exd5 exd5 16. Nge2 Be6 17. Nd4 Ba5 18. Qe3 Qc7 19. Nce2 Rfe8 20. Qg5 h6 21. Qg3 Nc4 22. Qxc7 Bxc7 23. Bxc4 dxc4 24. Nc3 Bd7 25. g3 Bb6 26. Nce2 Rad8 27. Rhe1 Nd5 28. c3 Ne3 29. Rc1 Ng2 30. Rg1 Ne3 31. Ka2 Bc8 32. Nf4 Bxd4 33. cxd4 g5 34. Nh5 Rd6 35. d5 Nxd5 36. Rgd1 Red8 37. Ka1 c3 38. Bxc3 Nxc3 39. Rxd6 Rxd6 40. Rxc3 Bd7 41. f4 Rd1+ 42. Kb2 Rd2+ 43. Rc2 Rxc2+ 44. Kxc2 Bxb5 45. Kc3 Kf8 46. fxg5 hxg5 47. Nf6 Ke7 48. Nd5+ Kd6 49. Ne3 Bd7 50. Kd4 f6 51. Nc4+ Ke6 52. Nb6 Bc6 53. Nc4 Kf5 54. Ne3+ Kg6 55. Kc5 f5 56. Kd4 f4 57. Ng4 Kf5 58. Ne5 g4 59. Nd3 f3 60. Ke3 Ke6 61. Nc5+ Kd5 62. Nd3 Kc4 63. Ne5+ Kb3 64. Nxg4 Kxa3 65. h4 f2 66. Nxf2 Kb2 67. Nd3+ Kc3 68. h5 a3 69. Nc1 Kb2 70. Nd3+ Kc3 71. Nc1 Be8 72. h6 Bg6 73. g4 b5 74. Ne2+ Kc2 75. Nf4 Bh7 76. g5 a2 77. g6 Bxg6 78. Nxg6 a1=Q 79. h7 b4 80. Ke4 b3 81. Kf5 Qf1+ 82. Nf4 Qh1 83. Kg6 b2 84. Nh5 Qxh5+ 85. Kxh5 b1=Q 86. Kg6 Qb2 87. Kf7 Qh8 88. Kg6 Kd3 89. Kh6 Ke4 90. Kg6 Ke5 91. Kg5 Qxh7 92. Kg4 Qf5+ 93. Kh4 Qg6 94. Kh3 Qg5 95. Kh2 Qg4 96. Kh1 Kf4 97. Kh2 Kf3 98. Kh1 Qg2# 0-1


[Site "https://www.chess.com"]

[Event "Titled Tuesday Blitz February 28 Late 2023"]
[White "Saya, Ethan"]
[Black "Maximov, Dmitry"]
[WhiteFideId "26095181"]
[BlackFideId "14105659"]
[WhiteElo "2198"]
[BlackElo "2494"]
[Result "0-1"]
[Round "01"]
[TimeControl "180+2"]
[Date "2023.02.28"]
[WhiteClock "0:01:54"]
[BlackClock "0:01:51"]

1. d4 Nf6 2. c4 g6 3. Nc3 Bg7 4. e4 O-O 5. Nf3 d6 6. Be2 e5 7. dxe5 dxe5 8. Qxd8 Rxd8 9. Bg5 Re8 10. Nd5 Nxd5 11. cxd5 c6 12. Bc4 cxd5 13. Bxd5 Nd7 14. O-O h6 15. Be3 Nf6 16. Rac1 Nxd5 17. exd5 Bf8 18. Bc5 Bg4 19. Bxf8 Kxf8 20. Rc7 Re7 21. d6 Rxc7 22. dxc7 Bxf3 23. gxf3 Rc8 24. Rc1 Ke7 25. f4 exf4 26. Kg2 Kd6 27. Kf3 Rxc7 28. Rxc7 Kxc7 29. Kxf4 Kd6 30. h4 Kd5 31. h5 gxh5 32. Kg3 Ke4 33. Kh4 Kf3 34. Kxh5 Kxf2 35. Kxh6 Ke3 36. Kg5 Kd3 37. Kf6 Kc2 38. a4 Kxb2 39. Kxf7 Kb3 40. a5 Kb4 41. Ke6 Kxa5 42. Kd5 Kb4 43. Kd4 a5 44. Kd3 Kb3 45. Kd2 Kb2 46. Kd3 a4 47. Kc4 a3 48. Kb5 a2 49. Kb6 a1=Q 50. Kxb7 Qa5 0-1


[Site "https://www.chess.com"]

[Event "Titled Tuesday Blitz February 28 Late 2023"]
[White "Milikow, Yoav"]
[Black "Sivakumar, Shaaketh"]
[WhiteFideId "2822237"]
[BlackFideId "30940176"]
[WhiteElo "2410"]
[BlackElo "2174"]
[Result "1-0"]
[Round "01"]
[TimeControl "180+2"]
[Date "2023.02.28"]
[WhiteClock "0:00:05"]
[BlackClock "0:00:07"]

1. d4 e6 2. c4 b6 3. e4 Bb4+ 4. Bd2 Bxd2+ 5. Qxd2 d5 6. Nc3 Ne7 7. Nf3 O-O 8. Bd3 Ba6 9. cxd5 Bxd3 10. Qxd3 exd5 11. e5 c5 12. O-O c4 13. Qd2 Qd7 14. Rfe1 Nbc6 15. Ne2 Nd8 16. Nf4 Ne6 17. Nh5 Ng6 18. Rac1 b5 19. Qe3 b4 20. Nd2 Qe7 21. Nf3 a5 22. h3 a4 23. Ng3 Nh4 24. Nh2 a3 25. b3 cxb3 26. Qxb3 Nxd4 27. Qxd5 Rfd8 28. Qe4 b3 29. Ng4 b2 30. Rcd1 Ne6 31. Kh2 Rxd1 32. Rxd1 Rd8 33. Rb1 Rd4 34. Qa8+ Qd8 35. Qxa3 Qd5 36. Ne3 Qxe5 37. Rxb2 h5 38. Rb4 Rxb4 39. Qxb4 Ng6 40. Qe4 Qb2 41. Nxh5 Qxf2 42. a4 Ng5 43. Qa8+ Kh7 44. Ng4 Qe2 45. Ng3 Qc2 46. Ne3 Qf2 47. Ng4 Qd2 48. Qa6 Nf3+ 49. Kh1 Ngh4 50. Qf1 Ng5 51. a5 Qxa5 52. Nf2 Qd5 53. Nd3 g6 54. Nf4 Qa2 55. Nd3 Kg7 56. Ne5 f6 57. Ng4 Qb2 58. Nf2 Ne6 59. Ng4 g5 60. Ne3 Nf4 61. Nef5+ Nxf5 62. Nxf5+ Kg6 63. Ng3 Qc3 64. Kh2 Qc2 65. Qf3 Kh6 66. Qa8 Qg6 67. Qh8+ Qh7 68. Qxf6+ Ng6 69. Nf5+ Kh5 70. g4# 1-0


[Site "https://www.chess.com"]

[Event "Titled Tuesday Blitz February 28 Late 2023"]
[White "Le Goff, Ronan"]
[Black "Klekowski, Maciej"]
[WhiteFideId "612073"]
[BlackFideId "1132717"]
[WhiteElo "2275"]
[BlackElo "2540"]
[Result "1-0"]
[Round "01"]
[TimeControl "180+2"]
[Date "2023.02.28"]
[WhiteClock "0:00:57"]
[BlackClock "0:01:02"]

1. Nf3 Nf6 2. d4 d5 3. c4 e6 4. Nc3 Be7 5. Bg5 h6 6. Bxf6 Bxf6 7. e3 O-O 8. Rc1 b6 9. Qc2 Bb7 10. cxd5 exd5 11. Bd3 Re8 12. O-O a6 13. Qb3 Qd6 14. Bb1 Nd7 15. Rfe1 c5 16. Na4 c4 17. Qc2 g6 18. Nc3 Bg7 19. e4 dxe4 20. Nxe4 Bxe4 21. Rxe4 b5 22. Rce1 Rxe4 23. Qxe4 Rd8 24. Ne5 Nf6 25. Qb7 Qd5 26. Qxa6 Qxd4 27. Nc6 Qd2 28. Rf1 Re8 29. Qxb5 Re2 30. Qxc4 Qxb2 31. Bxg6 Kh8 32. Qxf7 Ng4 33. Ne7 Qxa2 34. Qe8+ 1-0


[Site "https://www.chess.com"]

[Event "Titled Tuesday Blitz February 28 Late 2023"]
[White "Pakleza, Zbigniew"]
[Black "Rottenwohrer Suarez, Juan"]
[WhiteFideId "1119290"]
[BlackFideId "32068182"]
[WhiteElo "2410"]
[BlackElo "2174"]
[Result "1-0"]
[Round "01"]
[TimeControl "180+2"]
[Date "2023.02.28"]
[WhiteClock "0:01:23"]
[BlackClock "0:01:40"]

1. d4 Nf6 2. Nf3 g6 3. Bf4 Bg7 4. e3 c5 5. c3 b6 6. Nbd2 d6 7. h3 O-O 8. a4 a6 9. Be2 Bb7 10. O-O Nbd7 11. Bh2 Qc7 12. Qb3 Bc6 13. Rfe1 b5 14. axb5 axb5 15. Qc2 Rxa1 16. Rxa1 Rb8 17. e4 e5 18. d5 Ba8 19. Bxb5 h6 20. Bf1 Nh5 21. Nc4 Bb7 22. Ra7 Ra8 23. Rxa8+ Bxa8 24. Qa4 Bb7 25. Qa7 1-0


[Site "https://www.chess.com"]

[Event "Titled Tuesday Blitz February 28 Late 2023"]
[White "Backsten, Jan"]
[Black "Fier, Alexandr"]
[WhiteFideId "1735381"]
[BlackFideId "2107139"]
[WhiteElo "1967"]
[BlackElo "2610"]
[Result "0-1"]
[Round "01"]
[TimeControl "180+2"]
[Date "2023.02.28"]
[WhiteClock "0:00:15"]
[BlackClock "0:01:53"]

1. e4 e5 2. Nf3 Nc6 3. Bc4 Bc5 4. O-O Nf6 5. d4 Bxd4 6. Nxd4 Nxd4 7. f4 d6 8. fxe5 dxe5 9. Bg5 Qe7 10. Na3 Be6 11. c3 Nc6 12. Kh1 h6 13. Bxf6 gxf6 14. Qf3 Rd8 15. Rad1 Rxd1 16. Rxd1 h5 17. Bb5 Bg4 18. Qd3 Bxd1 19. Qxd1 Qc5 20. Qf3 Ke7 21. Be2 Qd6 22. Nc4 Qe6 23. Ne3 Kd8 24. Bc4 Qd6 25. Qe2 Kc8 26. Bxf7 Kb8 27. Bxh5 a6 28. Bf7 Ne7 29. Bc4 Qd7 30. g3 f5 31. exf5 Nxf5 32. Nxf5 Qxf5 33. Bd5 Qg5 34. Bg2 Qxg3 35. h3 c6 0-1


[Site "https://www.chess.com"]

[Event "Titled Tuesday Blitz February 28 Late 2023"]
[White "Yuan, Qingyu"]
[Black "Dzierzak, Radoslaw"]
[WhiteFideId "8609772"]
[BlackFideId "1161407"]
[WhiteElo "2359"]
[BlackElo "2166"]
[Result "1-0"]
[Round "01"]
[TimeControl "180+2"]
[Date "2023.02.28"]
[WhiteClock "0:01:16"]
[BlackClock "0:01:09"]

1. d4 Nf6 2. c4 e6 3. Nf3 Bb4+ 4. Bd2 a5 5. g3 d6 6. Bg2 Nbd7 7. O-O e5 8. Nc3 O-O 9. a3 Bxc3 10. Bxc3 e4 11. Nd2 Qe7 12. e3 d5 13. b4 a4 14. b5 Re8 15. Bb4 Qe6 16. cxd5 Qxd5 17. Qc2 c6 18. bxc6 bxc6 19. Rfc1 Nb8 20. Nc4 Ba6 21. Nb6 Qb3 22. Nxa8 1-0


[Site "https://www.chess.com"]

[Event "Titled Tuesday Blitz February 28 Late 2023"]
[White "Sanchez, Robert"]
[Black "Quispe Arteaga, Gabriel"]
[WhiteFideId "2034360"]
[BlackFideId "32059809"]
[WhiteElo "2432"]
[BlackElo "2274"]
[Result "1/2-1/2"]
[Round "01"]
[TimeControl "180+2"]
[Date "2023.02.28"]
[WhiteClock "0:01:28"]
[BlackClock "0:02:22"]

1. e4 c5 2. Nf3 e6 3. d4 cxd4 4. Nxd4 Nf6 5. Nc3 Nc6 6. Ndb5 Bb4 7. a3 Bxc3+ 8. Nxc3 d5 9. exd5 exd5 10. Bd3 O-O 11. O-O d4 12. Ne4 Bf5 13. Bg5 Bxe4 14. Bxe4 Qd6 15. Bd3 Ne5 16. h3 Rac8 17. Re1 Nxd3 18. Qxd3 h6 19. Bxf6 Qxf6 20. Rad1 Rfd8 21. Re4 Rc6 22. c3 Rb6 23. b4 Rc8 24. Rxd4 g6 25. c4 Kg7 26. c5 Re6 27. Rd6 b6 28. Rxe6 Qxe6 29. cxb6 axb6 30. Qd6 Qxd6 31. Rxd6 Ra8 32. Rxb6 Rxa3 33. g3 1/2-1/2


[Site "https://www.chess.com"]

[Event "Titled Tuesday Blitz February 28 Late 2023"]
[White "Fernandez Guillen, Ernesto J."]
[Black "Rosenberg, Evan S"]
[WhiteFideId "3512428"]
[BlackFideId "2019299"]
[WhiteElo "2423"]
[BlackElo "2427"]
[Result "1/2-1/2"]
[Round "01"]
[TimeControl "180+2"]
[Date "2023.02.28"]
[WhiteClock "0:00:06"]
[BlackClock "0:00:02"]

1. e4 e5 2. Nf3 Nc6 3. d4 exd4 4. Bc4 Nf6 5. O-O Nxe4 6. Re1 d5 7. Bxd5 Qxd5 8. Nc3 Qd7 9. Nxe4 Be7 10. Bg5 O-O 11. Bxe7 Qxe7 12. Nxd4 Bd7 13. Qh5 Rae8 14. Nf3 h6 15. Nc5 Qd6 16. Rad1 Rxe1+ 17. Nxe1 Nd4 18. c3 Re8 19. cxd4 Qxd4 20. Nc2 Qxb2 21. Rxd7 Qc1+ 22. Qd1 Qxc2 23. Rd8 Qxd1+ 24. Rxd1 b6 25. Na6 c5 26. Kf1 Re4 27. Rd7 Ra4 28. Rxa7 Rxa2 29. Ra8+ Kh7 30. Nc7 Rb2 31. Rb8 c4 32. Nd5 b5 33. Ke1 Rb3 34. Rc8 Rd3 35. Ne3 c3 36. Rb8 f5 37. g3 g5 38. Rxb5 f4 39. gxf4 gxf4 40. Nc2 Rd2 41. Nb4 Rb2 42. Kd1 Rxf2 43. h4 f3 44. h5 Rh2 45. Rf5 f2 46. Ke2 c2 47. Nxc2 f1=Q+ 48. Kxf1 Rxc2 49. Rf7+ Kg8 50. Rf5 Rc6 51. Kf2 Kg7 52. Kg3 Rf6 53. Ra5 Rf7 54. Kg4 Rb7 55. Kf5 Rc7 56. Rb5 Rd7 57. Rb6 Rd5+ 58. Kg4 Rg5+ 59. Kh4 Ra5 60. Rb7+ Kg8 61. Rc7 Kh8 62. Rc6 Kg7 63. Rc7+ Kg8 64. Rc6 Kg7 65. Rg6+ Kh7 66. Rg1 Ra4+ 67. Kh3 Rb4 68. Rc1 Rd4 69. Rc7+ Kh8 70. Kg3 Kg8 71. Kf3 Rh4 72. Rc5 Kg7 73. Kg3 Re4 74. Rc7+ Kg8 75. Rd7 Kh8 76. Kf3 Ra4 77. Rd5 Kg7 78. Kg3 Kf6 79. Kf3 Ra6 80. Kf4 Ra4+ 81. Kf3 Ra3+ 82. Kg4 Ra4+ 83. Kf3 1/2-1/2


[Site "https://www.chess.com"]

[Event "Titled Tuesday Blitz February 28 Late 2023"]
[White "Slade, Theodore"]
[Black "Hambleton, Aman"]
[WhiteFideId "426547"]
[BlackFideId "2606577"]
[WhiteElo "1964"]
[BlackElo "2511"]
[Result "0-1"]
[Round "01"]
[TimeControl "180+2"]
[Date "2023.02.28"]
[WhiteClock "0:00:11"]
[BlackClock "0:00:06"]

1. d4 Nf6 2. c4 e6 3. g3 c5 4. d5 exd5 5. cxd5 d6 6. Nc3 g6 7. Bg2 Bg7 8. Nf3 O-O 9. O-O Nbd7 10. Bf4 Qe7 11. Nd2 a6 12. a4 Ne5 13. Bxe5 Qxe5 14. Nc4 Qe7 15. Nb6 Rb8 16. e4 Nd7 17. Nxc8 Rfxc8 18. a5 b5 19. axb6 Rxb6 20. Qc2 Rcb8 21. Ra2 c4 22. Rfa1 Nc5 23. Bf1 Rb4 24. Kg2 Qb7 25. Nd1 Nb3 26. Rb1 Nd4 27. Qc1 f5 28. Bxc4 Rc8 29. Ne3 Bh6 30. b3 f4 31. Nc2 f3+ 32. Kg1 Bxc1 33. Rxc1 Rcxc4 34. bxc4 Ne2+ 35. Kf1 Nxc1 36. Nxb4 Nxa2 37. Nxa2 Qb1+ 38. Nc1 Qxc1# 0-1


[Site "https://www.chess.com"]

[Event "Titled Tuesday Blitz February 28 Late 2023"]
[White "Oro, Faustino"]
[Black "Rego, Pedro Filipe"]
[WhiteFideId "20000197"]
[BlackFideId "1904310"]
[WhiteElo "1984"]
[BlackElo "2193"]
[Result "0-1"]
[Round "01"]
[TimeControl "180+2"]
[Date "2023.02.28"]
[WhiteClock "0:00:14"]
[BlackClock "0:00:24"]

1. Nf3 d5 2. e3 Nf6 3. b3 c5 4. Bb2 a6 5. Be2 Nc6 6. d4 e6 7. O-O Be7 8. c4 O-O 9. Nbd2 cxd4 10. Nxd4 Nxd4 11. Bxd4 dxc4 12. Nxc4 b5 13. Bf3 Nd5 14. Nb6 Rb8 15. Nxd5 exd5 16. Qd2 Be6 17. Rac1 Qd7 18. Be5 Rbc8 19. Rfd1 Rxc1 20. Rxc1 Rc8 21. h3 Rxc1+ 22. Qxc1 Bd6 23. Bxd6 Qxd6 24. Qc3 g6 25. b4 Qd7 26. a3 Qd6 27. h4 h5 28. g3 Kh7 29. Kg2 Qd7 30. Qc5 Bh3+ 31. Kh2 Be6 32. Qb6 Qc8 33. Bg2 Qc2 34. Qxa6 Qxf2 35. Qxb5 Qxe3 36. a4 d4 37. Qc5 Qc3 38. Qxc3 dxc3 39. Be4 Bf5 0-1


[Site "https://www.chess.com"]

[Event "Titled Tuesday Blitz February 28 Late 2023"]
[White "Buchenau, Frank"]
[Black "Dourerassou, Jonathan"]
[WhiteFideId "4604350"]
[BlackFideId "628050"]
[WhiteElo "2157"]
[BlackElo "2499"]
[Result "0-1"]
[Round "01"]
[TimeControl "180+2"]
[Date "2023.02.28"]
[WhiteClock "0:00:24"]
[BlackClock "0:01:46"]

1. e4 g6 2. d4 Bg7 3. Nc3 c5 4. d5 d6 5. Nf3 a6 6. a4 e6 7. dxe6 Bxe6 8. Bf4 Nc6 9. Qxd6 Qa5 10. Bd2 Rd8 11. Nb5 axb5 12. Bxa5 Rxd6 13. Bxb5 Bxb2 14. Rb1 Bg7 15. e5 Rd7 16. Bxc6 bxc6 17. Rb8+ Ke7 18. Bb6 Bc4 19. Bxc5+ Ke6 20. Re8+ Kd5 21. Kd2 Kxc5+ 0-1


[Site "https://www.chess.com"]

[Event "Titled Tuesday Blitz February 28 Late 2023"]
[White "Bilych, Olexiy"]
[Black "Wartiovaara, Oliver"]
[WhiteFideId "14156504"]
[BlackFideId "513024"]
[WhiteElo "2320"]
[BlackElo "2214"]
[Result "1-0"]
[Round "01"]
[TimeControl "180+2"]
[Date "2023.02.28"]
[WhiteClock "0:00:21"]
[BlackClock "0:00:23"]

1. d4 d5 2. c4 e6 3. Nf3 Nf6 4. Nc3 Be7 5. Bf4 O-O 6. e3 c5 7. dxc5 Qa5 8. Qc2 Qxc5 9. cxd5 Nxd5 10. Bg3 Nxc3 11. Qxc3 Qxc3+ 12. bxc3 Bf6 13. Nd4 b6 14. Bb5 Bb7 15. O-O Rc8 16. Rac1 Nc6 17. Rfd1 Ne5 18. f3 Nc4 19. Bf2 Rc5 20. e4 Rac8 21. Bd7 Rd8 22. Nb3 Rc7 23. Bb5 Rxd1+ 24. Rxd1 g6 25. Bd4 Bg5 26. Kf2 a6 27. Bxc4 Rxc4 28. g3 Ra4 29. f4 Rxa2+ 30. Kf3 Bd8 31. Be5 Be7 32. Rd7 f6 33. Rxb7 fxe5 34. Rxe7 Ra3 35. Nd2 Rxc3+ 36. Ke2 exf4 37. gxf4 a5 38. Rxe6 b5 39. Re5 Rh3 40. Rxb5 Rxh2+ 41. Ke3 Rh3+ 42. Nf3 h6 43. Rxa5 Kf7 44. Ra7+ Ke6 45. Ra6+ Kf7 46. e5 g5 47. fxg5 hxg5 48. Ke4 1-0


[Site "https://www.chess.com"]

[Event "Titled Tuesday Blitz February 28 Late 2023"]
[White "Redzisz, Michal"]
[Black "Nasuta, Grzegorz"]
[WhiteFideId "21816107"]
[BlackFideId "1141686"]
[WhiteElo "2175"]
[BlackElo "2449"]
[Result "0-1"]
[Round "01"]
[TimeControl "180+2"]
[Date "2023.02.28"]
[WhiteClock "0:00:03"]
[BlackClock "0:00:30"]

1. d4 Nf6 2. c4 c5 3. d5 e6 4. Nc3 g6 5. g3 exd5 6. cxd5 d6 7. Bg2 Bg7 8. Nf3 O-O 9. O-O Re8 10. Bf4 Ne4 11. Nxe4 Rxe4 12. Nd2 Rxf4 13. gxf4 Bxb2 14. Rb1 Bg7 15. Nc4 Na6 16. e4 Rb8 17. a4 Bh6 18. Qf3 Nb4 19. e5 Nc2 20. Nxd6 Nd4 21. Qe4 Bxf4 22. Rbd1 Qh4 23. Rfe1 Qxh2+ 24. Kf1 Bg4 25. Rxd4 cxd4 26. Qxd4 Bh3 27. Qe4 Qh1+ 0-1


[Site "https://www.chess.com"]

[Event "Titled Tuesday Blitz February 28 Late 2023"]
[White "Garcia Ramos, Daniel"]
[Black "Haszon, David"]
[WhiteFideId "32010311"]
[BlackFideId "733610"]
[WhiteElo "2341"]
[BlackElo "2210"]
[Result "1/2-1/2"]
[Round "01"]
[TimeControl "180+2"]
[Date "2023.02.28"]
[WhiteClock "0:00:03"]
[BlackClock "0:00:06"]

1. e4 c5 2. Nf3 e6 3. d4 cxd4 4. Nxd4 Nc6 5. Nc3 Nf6 6. Ndb5 d6 7. Bf4 e5 8. Bg5 a6 9. Bxf6 gxf6 10. Na3 b5 11. Nd5 f5 12. g3 fxe4 13. Bg2 Bf5 14. O-O Bg7 15. h4 O-O 16. c3 Rc8 17. Nc2 Ne7 18. Nxe7+ Qxe7 19. Ne3 Be6 20. Bxe4 f5 21. Bd5 f4 22. Bxe6+ Qxe6 23. Qd5 Rce8 24. Qxe6+ Rxe6 25. Nd5 f3 26. a4 e4 27. axb5 axb5 28. Ra5 Rb8 29. Re1 Bh6 30. b3 Re5 31. c4 bxc4 32. bxc4 Rb2 33. Nf6+ Kf7 34. Rxe5 dxe5 35. Nxe4 Rc2 36. c5 Ke6 37. g4 Bf4 38. g5 Kf5 39. Nd6+ Kg4 40. Ne8 Kxh4 41. Nf6 Kxg5 42. Nxh7+ Kf5 43. Nf8 Rxc5 44. Nd7 Rc7 45. Nb6 Rg7+ 46. Kh1 Rh7+ 47. Kg1 Bh2+ 48. Kf1 Rh6 49. Nc4 Bf4 50. Kg1 Bh2+ 51. Kh1 Bf4+ 52. Kg1 Rc6 53. Na5 Rg6+ 54. Kh1 Bd2 55. Ra1 Ra6 56. Nb3 Rh6+ 57. Kg1 Rg6+ 58. Kh1 Bc3 59. Rc1 Rh6+ 60. Kg1 Rg6+ 61. Kh1 Bd4 62. Rf1 Rg2 63. Nd2 Kf4 64. Nc4 Rxf2 65. Re1 Re2 66. Rd1 Rc2 67. Nd6 Rc8 68. Nxc8 Bf2 69. Ne7 e4 70. Nd5+ Ke5 71. Nc3 e3 72. Rd5+ Kf4 73. Rd8 e2 74. Nxe2+ fxe2 75. Rf8+ Kg3 76. Re8 Kf3 77. Rxe2 Kxe2 1/2-1/2


[Site "https://www.chess.com"]

[Event "Titled Tuesday Blitz February 28 Late 2023"]
[White "Jovic, Stanoje"]
[Black "Pulpan, Jakub"]
[WhiteFideId "905020"]
[BlackFideId "302759"]
[WhiteElo "2236"]
[BlackElo "2484"]
[Result "0-1"]
[Round "01"]
[TimeControl "180+2"]
[Date "2023.02.28"]
[WhiteClock "0:00:06"]
[BlackClock "0:00:45"]

1. c4 Nf6 2. g3 e5 3. Bg2 c6 4. d4 Bb4+ 5. Kf1 e4 6. a3 Be7 7. d5 d6 8. Nc3 Bf5 9. Qc2 O-O 10. Nxe4 Kh8 11. f3 cxd5 12. cxd5 Nxd5 13. Qb3 Bxe4 14. fxe4 Nb6 15. Nf3 Nc6 16. Be3 Bf6 17. Rd1 Qe7 18. Bxb6 axb6 19. Qxb6 Qxe4 20. h4 Rfe8 21. Rd2 Qg4 22. Kf2 Be5 23. Nxe5 Nxe5 24. Bf3 Qf5 25. Qxb7 Ng4+ 26. Kg2 Ne3+ 27. Kh2 d5 28. Rc1 Qe5 29. Rd3 Ra4 30. b4 Nf5 31. Bxd5 Qxe2+ 32. Bg2 Qxd3 33. Qc7 h5 34. Rc3 Qd4 35. Rf3 Nh6 36. Qc6 Raa8 37. b5 Rac8 38. Qb7 Ng4+ 39. Kh3 Rc1 40. Qxf7 Re5 41. Qf8+ Kh7 42. Rf7 Re2 43. Rf4 Rh1+ 0-1


[Site "https://www.chess.com"]

[Event "Titled Tuesday Blitz February 28 Late 2023"]
[White "Msellek, Ilyass"]
[Black "Chan, Kim Yew"]
[WhiteFideId "675938"]
[BlackFideId "5717981"]
[WhiteElo "2303"]
[BlackElo "2206"]
[Result "1-0"]
[Round "01"]
[TimeControl "180+2"]
[Date "2023.02.28"]
[WhiteClock "0:01:05"]
[BlackClock "0:00:16"]

1. d4 Nf6 2. Nf3 d5 3. Bg5 c5 4. e3 e6 5. Nbd2 Bd6 6. Bd3 O-O 7. c3 Nbd7 8. O-O h6 9. Bh4 Qc7 10. a4 b6 11. e4 dxe4 12. Nxe4 Nxe4 13. Bxe4 Bb7 14. Bxb7 Qxb7 15. dxc5 Bxc5 16. b4 g5 17. bxc5 gxh4 18. Nxh4 Nxc5 19. Qh5 Kg7 20. c4 Rad8 21. Ra3 Qe4 22. Rg3+ Kh7 23. Rh3 Qf4 24. Nf3 Ne4 25. Rh4 Nf6 26. Ng5+ Kg8 27. Qxh6 Qxh4 28. Qxh4 Kg7 29. Nf3 Nh7 30. Ne5 Rc8 31. Re1 Rfd8 32. h3 Nf8 33. Re3 1-0


[Site "https://www.chess.com"]

[Event "Titled Tuesday Blitz February 28 Late 2023"]
[White "Hajiyev, Kanan"]
[Black "Golubka, Petro"]
[WhiteFideId "13404148"]
[BlackFideId "14114224"]
[WhiteElo "2103"]
[BlackElo "2404"]
[Result "0-1"]
[Round "01"]
[TimeControl "180+2"]
[Date "2023.02.28"]
[WhiteClock "0:00:06"]
[BlackClock "0:01:46"]

1. d4 d5 2. c4 Nc6 3. cxd5 Qxd5 4. Nf3 e5 5. Nc3 Bb4 6. Bd2 Bxc3 7. bxc3 exd4 8. cxd4 Nxd4 9. Qa4+ Nc6 10. Bc3 Nf6 11. Bxf6 gxf6 12. g3 Qa5+ 13. Qxa5 Nxa5 14. Rc1 c6 15. Bg2 Be6 16. Rc2 O-O-O 17. O-O Nc4 18. Rfc1 Ne5 19. Nd2 Bf5 20. Rb2 Rhe8 21. Nb3 b6 22. h3 c5 23. a4 Be6 24. a5 Nc4 25. Rbc2 Nb2 26. Rxb2 Kc7 27. axb6+ axb6 28. e3 f5 29. Nd2 h6 30. Nc4 Bxc4 31. Rxc4 Rd1+ 32. Kh2 Re6 33. h4 Red6 34. Bh3 R6d2 35. Rcc2 Rxc2 36. Rxc2 Rd5 37. h5 b5 38. Bg2 Re5 39. f4 Rxe3 40. Rxc5+ Kb6 41. Rc6+ Ka5 42. Rxh6 b4 43. Rf6 b3 44. Rxf5+ Kb4 45. Rxf7 b2 46. Rb7+ Kc3 47. h6 Re6 48. h7 Rh6+ 49. Bh3 Rxh7 50. Rxh7 b1=Q 51. Rh4 Kd4 52. Bg2 Ke3 53. f5 Qxf5 54. Rf4 Qg5 55. Rh4 Kf2 56. Rh3 Qg4 57. Bh1 Ke1 58. Bg2 Kf2 59. Bh1 Qg5 60. Bg2 Qc1 61. Rh4 Qg1+ 62. Kh3 Qxg2+ 63. Kg4 Qxg3+ 64. Kh5 Qg7 65. Rf4+ Kg3 66. Rf3+ Kxf3 0-1


[Site "https://www.chess.com"]

[Event "Titled Tuesday Blitz February 28 Late 2023"]
[White "Bashirli, Nail"]
[Black "Forgacs, Attila Jr."]
[WhiteFideId "13406809"]
[BlackFideId "773654"]
[WhiteElo "2336"]
[BlackElo "2168"]
[Result "1-0"]
[Round "01"]
[TimeControl "180+2"]
[Date "2023.02.28"]
[WhiteClock "0:01:12"]
[BlackClock "0:00:04"]

1. e4 e5 2. Nf3 Nc6 3. Bb5 a6 4. Ba4 Nf6 5. Nc3 d6 6. d4 b5 7. dxe5 dxe5 8. Qxd8+ Nxd8 9. Bb3 Bd6 10. Bg5 Ne6 11. Bxf6 gxf6 12. O-O-O Nf4 13. g3 Bg4 14. Nh4 Bxd1 15. Rxd1 Ne6 16. Nf5 O-O-O 17. Nd5 Nd4 18. Nxd4 exd4 19. Nxf6 c5 20. Bxf7 Rhf8 21. Be6+ Kb7 22. Ng4 h5 23. Nh6 Rxf2 24. Nf7 Kc7 25. Nxd8 Kxd8 26. c3 Ke7 27. Bf5 dxc3 28. bxc3 Rxh2 29. Rd5 Bxg3 30. e5 Re2 31. Rd7+ Ke8 32. e6 h4 33. Bg6+ Kf8 34. Rf7+ Kg8 35. e7 h3 36. Rf8+ Kg7 37. e8=Q Rxe8 38. Rxe8 h2 39. Be4 b4 40. c4 Bf2 41. Bh1 Bd4 42. Kc2 Kf6 43. Re4 Kf5 44. Kb3 a5 45. Ka4 Bg1 46. Kxa5 Kf6 47. Kb5 Kf5 48. Kc6 Kf6 49. Kd5 Kf5 50. Bg2 Kf6 51. Rf4+ Kg5 52. Ke4 Kh5 53. Bf3+ Kg5 54. Rg4+ Kf6 55. Rh4 Kg5 56. Rh5+ Kg6 57. Kf4 h1=Q 58. Rxh1 Kf6 59. Bd5 1-0


[Site "https://www.chess.com"]

[Event "Titled Tuesday Blitz February 28 Late 2023"]
[White "Szyszylo, Rafal"]
[Black "Costachi, Mihnea"]
[WhiteFideId "1109626"]
[BlackFideId "1217518"]
[WhiteElo "1951"]
[BlackElo "2456"]
[Result "0-1"]
[Round "01"]
[TimeControl "180+2"]
[Date "2023.02.28"]
[WhiteClock "0:00:01"]
[BlackClock "0:00:53"]

1. e4 g6 2. d4 Bg7 3. Nc3 d6 4. f3 a6 5. Be3 b5 6. a4 b4 7. Na2 a5 8. c3 bxc3 9. Nxc3 Nf6 10. Bd3 O-O 11. Nge2 Nc6 12. O-O Nb4 13. d5 c5 14. Bb5 e6 15. dxe6 Bxe6 16. Qd2 Qb6 17. Nf4 Rad8 18. Rac1 Bb3 19. Qf2 Rc8 20. Kh1 Rfd8 21. h4 h5 22. Nh3 d5 23. exd5 Nfxd5 24. Nxd5 Rxd5 25. Nf4 Re5 26. Nd3 Nxd3 27. Bxd3 Qb4 28. Bb5 Rxe3 29. Bc4 Rce8 30. Bxb3 Rxb3 31. Qxc5 Qxh4+ 32. Kg1 Bd4+ 33. Qxd4 Qxd4+ 34. Kh1 Rxb2 35. Rfd1 Qh4+ 36. Kg1 Qf2+ 37. Kh1 Qxg2# 0-1


[Site "https://www.chess.com"]

[Event "Titled Tuesday Blitz February 28 Late 2023"]
[White "Grinev, Valeriy"]
[Black "Hoffmann, Asa"]
[WhiteFideId "14117517"]
[BlackFideId "2001470"]
[WhiteElo "2365"]
[BlackElo "2117"]
[Result "1-0"]
[Round "01"]
[TimeControl "180+2"]
[Date "2023.02.28"]
[WhiteClock "0:00:55"]
[BlackClock "0:01:09"]

1. d4 Nf6 2. c4 c5 3. d5 e5 4. Nc3 d6 5. e4 Be7 6. g3 O-O 7. Bg2 Na6 8. Nge2 Ne8 9. h3 Bd7 10. O-O Nec7 11. a4 Nb4 12. Kh2 b6 13. f4 Bf6 14. Qd2 a6 15. f5 Qe7 16. Ng1 b5 17. b3 bxc4 18. bxc4 Rab8 19. Nf3 Na8 20. a5 Nc7 21. g4 h6 22. Kg3 Bg5 23. Nxg5 hxg5 24. Qxg5 Qxg5 25. Bxg5 f6 26. Bd2 Nc2 27. Rab1 Nd4 28. Rb6 Nc2 29. Rfb1 Nb4 30. Rxd6 Rbd8 31. Bf1 g6 32. Be2 gxf5 33. exf5 Nc2 34. Rb7 Nd4 35. Rxc7 1-0


[Site "https://www.chess.com"]